 Dungeon Crawl Stone Soup version 0.25.1-8-g42b30a86e7 (webtiles) character file.

Game seed: 8039671539737299522

294 Abzac the Sneak (level 6, -6/39 HPs)
             Began as a Halfling Assassin on Dec 20, 2020.
             Killed by divine providence
             ... invoked by an orc priest
              (14 damage)
             ... on level 3 of the Dungeon.
             The game lasted 00:09:00 (4541 turns).

Abzac the Sneak (Halfling Assassin)                 Turns: 4541, Time: 00:09:00

Health: -6/39      AC:  3    Str: 13    XL:     6   Next: 60%
Magic:  6/6        EV: 16    Int:  9    God:
Gold:   86         SH:  0    Dex: 17    Spells: 5/5 levels left

rFire    . . .     SeeInvis .   a - +2 dagger
rCold    . . .     Gourm    .   (shield restricted)
rNeg     . . .     Faith    .   b - +0 robe
rPois    .         Spirit   .   (no helmet)
rElec    .         Reflect  .   c - +0 cloak
rCorr    .         Harm     .   (no gloves)
MR       .....                  (no boots)
Stlth    +++.......             (no amulet)
HPRegen  0.13/turn              (no ring)
MPRegen  0.10/turn              (no ring)

@: no status effects
A: small, mutation resistance 1
a: no special abilities


You were on level 3 of the Dungeon.
You were hungry.

You visited 1 branch of the dungeon, and saw 4 of its levels.

You collected 86 gold pieces.

Inventory:

Hand Weapons
 a - a +2 dagger (weapon)
Missiles
 d - 32 poisoned darts (quivered)
 e - 2 curare-tipped darts
 j - 40 bolts
 m - 76 arrows
 o - 6 boomerangs
Armour
 b - a +0 robe (worn)
 c - a +0 cloak (worn)
 u - a +0 pair of boots
Jewellery
 w - an uncursed ring of protection from fire {unknown}
Scrolls
 g - 11 scrolls of identify {unknown}
 p - a scroll of magic mapping {unknown}
 q - a scroll of noise {unknown}
 s - 2 scrolls of fog {unknown}
 v - a scroll of random uselessness {unknown}
Potions
 h - a potion of resistance {unknown}
 i - a potion of curing
 l - a potion of degeneration {unknown}
 n - a potion of berserk rage {unknown}
 r - 2 potions of flight {unknown}
 t - a potion of brilliance {unknown}
Comestibles
 f - 7 rations


   Skills:
 + Level 1.8 Fighting
 - Level 4.3 Short Blades
 - Level 3.3 Throwing
 - Level 3.2 Dodging
 + Level 6.1 Stealth


You had 5 spell levels left.
You didn't know any spells.
Your spell library was empty.

Dungeon Overview and Level Annotations

Branches:
Dungeon (4/15)
 Temple: D:4-7

Altars:
Xom

Annotations:
D:3 Natasha


Innate Abilities, Weirdness & Mutations

You are small and have problems with some larger weapons.
You are somewhat resistant to further mutation.


Message History

You hit the orc priest but do no damage.
The orc priest is heavily wounded.
You hit the orc priest but do no damage.
The orc priest is heavily wounded.
The orc priest hits you with a +0 short sword.
* * * LOW HITPOINT WARNING * * *
Drop what? 22/52 slots (_ for help) (? for menu, Esc to quit)
Okay, then.
Throwing (i - inventory. (/) - cycle)
d - 33 poisoned darts (quivered)
Press: ? - help, Shift-Dir - straight line, f - orc priest
Aim: an orc priest, wielding a +0 short sword and wearing a +0 leather armour (heavily wounded)
You throw a poisoned dart. The poisoned dart hits the orc priest.
The orc priest is poisoned.
The orc priest is heavily wounded.
The orc priest hits you but does no damage.
You hit the orc priest but do no damage.
The orc priest is heavily wounded.
The orc priest invokes the aid of Beogh against you.
Beogh smites you!
You die...

#####################
....(..........o@...#
#######.#.#.###.###.#
....###)#.#.#.#.#<#.#
......o.#.#.#.#.#)#.#
.........<....#.#.#.#
..#.....#####.#.#)#.#
..#..o........#.#...#
..#....#.####.#.#.#####
..'....#.#
#.#.....(.#####


You could see an orc priest (poisoned).

Vanquished Creatures
  An orc priest (D:3)
  A bullfrog skeleton (D:4)
  Natasha (D:3)
  6 gnolls
  5 adders
  An ooze (D:2)
  3 worms
  3 leopard geckos
  8 orcs
  2 ball pythons (D:3)
  13 bats
  5 giant cockroaches
  5 goblins
  4 hobgoblins
  11 jackals
  A quokka (D:2)
  3 frilled lizards
  6 kobolds
  6 rats
85 creatures vanquished.

Notes
Turn   | Place    | Note
-------+----------+-------------------------------------------
     0 | D:1      | Abzac the Halfling Assassin began the quest for the Orb.
     0 | D:1      | Reached XP level 1. HP: 14/14 MP: 1/1
   288 | D:1      | Reached XP level 2. HP: 16/19 MP: 2/2
   628 | D:1      | Reached XP level 3. HP: 24/24 MP: 3/3
  1162 | D:2      | Reached skill level 5 in Stealth
  1162 | D:2      | Reached XP level 4. HP: 29/29 MP: 4/4
  1850 | D:2      | Reached XP level 5. HP: 34/34 MP: 5/5
  3294 | D:3      | Noticed Natasha
  3469 | D:3      | Found a shimmering altar of Xom.
  3494 | D:3      | Reached XP level 6. HP: 23/39 MP: 6/6
  3668 | D:3      | Killed Natasha
  3706 | D:3      | Noticed Natasha
  3741 | D:3      | Reached skill level 6 in Stealth
  4541 | D:3      | Killed from afar by an orc priest

Illustrated notes

Levels and vault maps discovered:
D:1:      nicolae_arrival_washed_ashore, layout_basic, st_stairs_13,
          minmay_octomino_j4
D:2:      layout_basic
D:3:      layout_basic, overflow_temple_1_default, first_ration,
          hangedman_abyss_or_decor_stabs, minivault_24, uniq_natasha
D:4:      layout_basic, minmay_temple_entry_mini_moons

Skill      XL: |  1  2  3  4  5  6 |
---------------+-------------------+-----
Short Blades   | 3 4 |  4.3
Dodging        | 2 3 |  3.2
Stealth        | 5 6 |  6.1
Throwing       | 3 |  3.3
Fighting       | |  1.8

Action                   |  1- 3 |  4- 6 || total
-------------------------+-------+-------++-------
Melee: Dagger            |    94 |   302 ||   396
Throw: Dart              |     2 |     6 ||     8
 Stab: Sleeping          |     8 |     4 ||    12
       Distracted        |       |     1 ||     1
  Eat: Chunk             |     1 |    10 ||    11
Armor: Robe              |    19 |    32 ||    51
Dodge: Dodged            |    90 |   200 ||   290
